 Dungeon Crawl Stone Soup version 0.25-a0-185-g6cfeca75b2 (webtiles) character file.

Game seed: 2092186995532846090, levelgen mode: deterministic

4 sankara the Ruffian (level 1, -1/16 HPs)
             Began as a Minotaur Transmuter on Nov 27, 2019.
             Slain by a leopard gecko (3 damage)
             ... on level 1 of the Dungeon.
             The game lasted 00:00:50 (71 turns).

sankara the Ruffian (Minotaur Transmuter)             Turns: 71, Time: 00:00:51

Health: -1/16      AC:  2    Str: 14    XL:     1   Next: 50%
Magic:  0/1        EV: 12    Int: 10    God:
Gold:   0          SH:  0    Dex: 10    Spells: 1/2 levels left

rFire    . . .     SeeInvis .     - Unarmed
rCold    . . .     Gourm    .   (no shield)
rNeg     . . .     Faith    .   b - +0 robe
rPois    .         Spirit   .   (helmet restricted)
rElec    .         Reflect  .   (no cloak)
rCorr    .         Harm     .   (no gloves)
MR       .....                  (no boots)
Stlth    +.........             (no amulet)
HPRegen  0.05/turn              (no ring)
MPRegen  0.07/turn              (no ring)

@: very slightly contaminated
A: retaliatory headbutt, horns 2
a: no special abilities


You were on level 1 of the Dungeon.
You were not hungry.

You visited 1 branch of the dungeon, and saw 1 of its levels.

Inventory:

Hand Weapons
 c - a +0 dagger
   (You took it off a goblin on level 1 of the Dungeon)
Missiles
 a - 12 arrows
 e - 14 sling bullets
Armour
 b - a +0 robe (worn)
Comestibles
 d - a ration
 f - 5 chunks of flesh {@w0}


   Skills:
 - Level 1.2 Fighting
 - Level 2.1 Dodging
 * Level 3.5 Unarmed Combat
 - Level 1.3 Spellcasting
 + Level 1.7 Transmutations


You had one spell level left.
You knew the following spells:

 Your Spells              Type           Power        Failure   Level  Hunger
a - Beastly Appendage     Tmut           #.....       17%         1    ##.....

Your spell library contained the following spells:

 Spells                   Type           Power        Failure   Level  Hunger
 Sticks to Snakes         Tmut           #.......     26%         2    ###....
 Spider Form              Tmut/Pois      #.........   56%         3    ####...
 Ice Form                 Ice/Tmut       #.......     93%         4    #####..
 Blade Hands              Tmut           #.........   99%         5    ######.


Dungeon Overview and Level Annotations

Branches:
Dungeon (1/15)

Altars:


Innate Abilities, Weirdness & Mutations

You reflexively headbutt those who attack you in melee.
You have a pair of horns on your head.


Message History

Welcome, sankara the Minotaur Transmuter.
Will you be the one to retrieve the fabled Orb of Zot from the depths?
Press ? for a list of commands and other information.
Found a plate armour.
Found a staircase leading out of the dungeon.
Unknown command.
Unknown command.
You open the gate.
There is an open gate here.
A goblin comes into view. It is wielding a +0 dagger.
Casting: Beastly Appendage (safe; 19% risk of failure)
Confirm with . or Enter, or press ? or * to list all spells.
Your feet morph into talons.
The goblin closely misses you. You furiously retaliate!
You headbutt the goblin.
You kill the goblin!
No target in view!
No target in view!
No target in view!
Things that are here:
a +0 dagger; a goblin corpse
c - a +0 dagger Your transformation is almost over.
You butcher the goblin corpse.
f - 2 chunks of flesh {@w0} You see here a goblin skeleton.
You open the door.
There is an open door here.
Your talons disappear.
Magic restored.
e - 14 sling bullets A ball python comes into view.
Casting: Beastly Appendage (safe; 17% risk of failure)
Confirm with . or Enter, or press ? or * to list all spells.
Your feet morph into talons.
Your transformation is almost over.
You closely miss the ball python. You claw the ball python.
You kill the ball python!
No target in view!
No target in view!
No target in view!
Found a stone staircase leading down.
You see here a ball python corpse.
You butcher the ball python corpse.
f - 5 chunks of flesh {@w0} (gained 3)
You see here a ball python skeleton.
A dart slug comes into view.
Casting: Beastly Appendage (safe; 17% risk of failure)
Confirm with . or Enter, or press ? or * to list all spells.
You don't have enough magic to cast that spell.
A leopard gecko comes into view.
Your talons disappear.
The leopard gecko hisses angrily.
A leopard gecko comes into view.
The leopard gecko bites you.
You are too injured to fight recklessly!
You are too injured to fight recklessly!
The leopard gecko bites you. The leopard gecko bites you.
Casting: Beastly Appendage (safe; 17% risk of failure)
Confirm with . or Enter, or press ? or * to list all spells.
You miscast Beastly Appendage.
You are very lightly contaminated with residual magic.
You feel a strange surge of energy! The leopard gecko barely misses you.
You hit the leopard gecko.
The leopard gecko is heavily wounded.
The leopard gecko bites you.
* * * LOW HITPOINT WARNING * * *
You hit the leopard gecko.
You kill the leopard gecko!
The leopard gecko bites you.
You die...

#######+#####+##########.#.
...........@l.w....÷......>
.#####.########.#######.##
#.# #....#
###'########.##.#
#........##..w..#
###........##.##..#
+..........##. ..#
##..÷......... .#
#.########.## .#


You could see a dart slug and a leopard gecko.

Vanquished Creatures
  A leopard gecko (D:1)
  A goblin (D:1)
  A ball python (D:1)
3 creatures vanquished.

Notes
Turn   | Place    | Note
-------+----------+-------------------------------------------
     0 | D:1      | sankara the Minotaur Transmuter began the quest for the
                  | Orb.
     0 | D:1      | Reached XP level 1. HP: 16/16 MP: 1/1
    70 | D:1      | HP: 2/16 [leopard gecko (4)]
    71 | D:1      | Slain by a leopard gecko

Levels and vault maps discovered:
D:1:      lemuel_arrival_funnel, layout_basic, serial_curves, eino_curves_04,
          eino_curves_02, minmay_domino_2

Action                   || total
-------------------------++-------
Melee: Unarmed           ||     3
       Kick              ||     1
 Cast: Beastly Appendage ||     2
Dodge: Dodged            ||     2

Table legend:
 A = Non-vault XP
 B = Vault XP
 C = Vault XP percentage of total XP
 D = Non-vault monster count
 E = Vault monster count
 F = Vault count percentage of total count
                 A         B        C        D         E       F
            +---------+---------+-------+---------+---------+-------
      Total |       3 |       3 |  50.0 |       2 |       1 |  33.3
            +---------+---------+-------+---------+---------+-------
        D:1 |       3 |       3 |  50.0 |       2 |       1 |  33.3
            +---------+---------+-------+---------+---------+-------

Levels and vault maps discovered:
D:1:      lemuel_arrival_funnel, layout_basic, serial_curves, eino_curves_04,
          eino_curves_02, minmay_domino_2

Table legend:
 A = Turns spent in this place as a percentage of turns spent in the entire game.
 B = Non-inter-level travel turns spent in this place as a percentage of non-inter-level travel turns spent in the entire game.
 C = Inter-level travel turns spent in this place as a percentage of turns spent in this place.
 D = Turns resting spent in this place as a percentage of non-inter-level travel turns spent in this place.
 E = Turns spent auto-exploring this place as a percentage of non-inter-level travel turns spent in this place.
 F = Non-inter-level travel turns spent in this place divided by the number of levels of this place that you've seen.
                   A       B       C       D       E      F
               +-------+-------+-------+-------+-------+----------------------
         Total | 100.0 | 100.0 |   0.0 |   0.0 |  60.6 |  71.0
       Dungeon | 100.0 | 100.0 |   0.0 |   0.0 |  60.6 |  71.0
               +-------+-------+-------+-------+-------+----------------------

Table legend:
 A = Kills in this place as a percentage of kills in entire the game.
 B = Kills by you in this place as a percentage of kills by you in the entire game.
 C = Kills by friends in this place as a percentage of kills by friends in the entire game.
 D = Other kills in this place as a percentage of other kills in the entire game.
 E = Experience gained in this place as a percentage of experience gained in the entire game.
 F = Experience gained in this place divided by the number of levels of this place that you have seen.
                   A       B       C       D       E      F
               +-------+-------+-------+-------+-------+----------------------
         Total | 100.0 | 100.0 |   N/A |   N/A | 100.0 |   6.0
       Dungeon | 100.0 | 100.0 |   N/A |   N/A | 100.0 |   6.0
               +-------+-------+-------+-------+-------+----------------------
